 Dungeon Crawl Stone Soup version 0.31-a0-1082-g7d1fb776a8 (webtiles) character file.

Game seed: 10343058635766350020

63 Flugslaktarn the Changeling (level 4, -1/29 HPs)
             Began as an Octopode Shapeshifter on Nov 28, 2023.
             Slain by an orc wizard
             ... wielding a +0 dagger
              (4 damage)
             ... on level 2 of the Dungeon.
             The game lasted 00:01:02 (1638 turns).

Flugslaktarn the Changeling (Octopode Shapeshifter) Turns: 1638, Time: 00:01:03

Health: -1/29      AC:  1    Str: 13    XL:     4   Next: 9%
Magic:  0/4        EV: 18    Int: 12    God:
Gold:   78         SH:  0    Dex: 13    Spells: 3/3 levels left

rFire   . .          .
                       - Unarmed
rCold   . . .        (no shield)
rNeg    . . .        (helmet currently unavailable)
rPois   .            m - amulet of guardian spirit
rElec   .            (no ring)
rCorr   .            v - +5 ring of evasion
SInv    .            (no ring)
Will    .....        (no ring)
Stlth   ++           (no ring)
HPRegen 0.24/turn    (no ring)
MPRegen 0.09/turn    (no ring)
                     (no ring)

%: guardian spirit
@: beast-form
A: beast (slay +2), almost no armour, amphibious, 8 rings, camouflage 1,
gelatinous body 1, (nimble swimmer 1), tentacles
a: Begin Untransformation


You were on level 2 of the Dungeon.
You were a hulking beast.
You visited 1 branch of the dungeon, and saw 3 of its levels.

You collected 78 gold pieces.

Inventory:

Jewellery
 l - a ring of wizardry
   (You found it on level 2 of the Dungeon)
 m - an amulet of guardian spirit (around mantle)
   (You found it on level 2 of the Dungeon)
 v - a +5 ring of evasion (right tentacle)
   (You found it on level 2 of the Dungeon)
Talismans
 b - a beast talisman
 c - a flux talisman
Scrolls
 g - a scroll of fear
 k - a scroll of silence
Potions
 a - a potion of lignification
 f - a potion of enlightenment
 h - a potion of haste
 j - a potion of brilliance {unknown}


   Skills:
 + Level 2.0 Fighting
 - Level 2.0 Dodging
 + Level 3.5 Unarmed Combat
 * Level 3.8 Shapeshifting


You had 3 spell levels left.
You didn't know any spells.
Your spell library was empty.

Dungeon Overview and Level Annotations

Branches:
Dungeon (3/15)

Altars:
Uskayaw


Innate Abilities, Weirdness & Mutations

You are a hulking beast.
Your limbs bulge with bestial killing power. (Slay +2)
You cannot wear most types of armour.
You are amphibious.
You can wear up to eight rings at the same time.
Your skin changes colour to match your surroundings (Stealth+).
Your rubbery body absorbs attacks. (AC +1, EV +1)
((You are camouflaged when in or above water. (Stealth+)))
You have tentacles for arms and can constrict up to eight enemies at once.


Message History

The worm is severely wounded.
You constrict the worm. The worm bites you!
You are too injured to fight recklessly!
You are too injured to fight recklessly!
You tentacle-slap the worm.
The worm is almost dead.
You constrict the worm.
You kill the worm!
You have reached level 4!
Things that are here:
a ring of wizardry; an amulet of magic regeneration
l - a ring of wizardry Magic restored.
You see here 6 stones.
You see here 6 stones.
You see here a frilled lizard skeleton.
There is a hide-covered altar of Uskayaw here.
Done exploring.
Done exploring.
Done exploring.
Done exploring.
There is a stone staircase leading down here.
You climb downwards.
The orc shouts! x2; You hear a shout! x3
Found 11 gold pieces.
There is a stone staircase leading up here.
There are monsters nearby!
Unknown command.
Okay, then.
You barely miss the orc. You grab the orc.
You tentacle-slap the orc, but do no damage.
You constrict the orc. You tentacle-slap the orc.
The orc is heavily wounded.
You constrict the orc. The orc misses you.
You tentacle-slap the orc.
You kill the orc!
A kobold comes into view. It is wielding a +0 dagger.
Your Fighting skill increases to level 2!
Unknown command.
You climb upwards.
There is a stone staircase leading down here.
Autopickup disabled for scrolls of noise.
You drop 2 scrolls of noise.
You climb downwards.
The orc wizard mumbles some strange words.
The orc wizard flickers and vanishes!
Deactivating autopickup; reactivate with Ctrl-A.
The orc hits you with a +0 club.
An orc comes into view. It is wielding a +0 flail.
There is a stone staircase leading up here.
You tentacle-slap the orc but do no damage.
Your grab misses the orc. The orc hits you with a +0 club. Something hits you.
An orc wizard comes into view.
It is wielding a +1 dagger of distortion.
Something hits you. The orc completely misses you.
You climb upwards.
Reactivating autopickup.
There is a stone staircase leading down here.
You see here 2 scrolls of noise.
You tentacle-slap the orc. You grab the orc.
The orc is lightly wounded.
You constrict the orc. The orc barely misses you.
You hear some strange, mumbled words.
A magic dart appears from out of thin air!
Deactivating autopickup; reactivate with Ctrl-A.
The magic dart hits you.
You tentacle-slap the orc.
You kill the orc!
Something hits you.
No target in view!
You closely miss something. Something hits you.
You tentacle-slap something. Your squeeze misses something. Something hits you.
You closely miss something. You miss something. Your squeeze misses something.
You hear some strange, mumbled words.
You are confused.
You barely miss something. Your squeeze misses something.
Something hits you but does no damage.
You miss something. Something hits you.
Unknown command.
Okay, then.
Something hits you.
* * * LOW HITPOINT WARNING * * *
Things that are here:
a +0 club; a +0 leather armour; an orc corpse You completely miss something.
Something closely misses you. Something hits you.
* * * LOW HITPOINT WARNING * * *
Something barely misses you.
You feel less confused. Something barely misses you.
You barely miss something. Your squeeze misses something. Something hits you.
* * * LOW HITPOINT WARNING * * *
You tentacle-slap something.
You hear some strange, mumbled words.
Something tries to affect you, but you resist.
You miss something.
Your tentacle-slap misses something.
Something barely misses you.
You miss something. Something hits you.
You die...

# #.##..###.....#.........# #
#.......##....#..######.###### #
#.......#.....................
####.###.###....##.######.#######
[........#..............#........
####.##.##.....##...#.###.####.##
........................#.#(.'.+.
#....##.##.#............#.#..#.#.
#...<##.##...>){h#......#.#+##.#'
#....##.##........#.#.#.#........
#....##.##..........#.#.#.#'##.#+
#....##.##....#..>#.#.#.#.#..#.#.
#....##.##..............#.#.8#.#.
.......(................#.####.##
........###.............#........
........###...#.#######.#########
.................................


There were no monsters in sight!

Vanquished Creatures
  An adder (D:2)
  2 worms (D:2)
  2 dart slugs (D:1)
  2 orcs
  4 ball pythons
  6 bats
  3 endoplasms
  3 giant cockroaches
  4 goblins
  4 hobgoblins
  4 kobolds
  2 frilled lizards
  2 rats
39 creatures vanquished.

Notes
Turn   | Place    | Note
-------+----------+-------------------------------------------
     0 | D:1      | Flugslaktarn the Octopode Shapeshifter began the quest for
                  | the Orb.
     0 | D:1      | Reached XP level 1. HP: 13/13 MP: 1/1
   214 | D:1      | Reached XP level 2. HP: 18/18 MP: 2/2
   416 | D:1      | Reached XP level 3. HP: 19/23 MP: 3/3
  1278 | D:2      | Found a hide-covered altar of Uskayaw.
  1386 | D:2      | Reached XP level 4. HP: 10/29 MP: 1/4
  1638 | D:2      | Slain by an orc wizard

Illustrated notes

Levels and vault maps discovered:
D:1:      kilobyte_arrival_exit_the_forest, layout_basic
D:2:      minmay_door_path, layout_basic, basic_altar
D:3:      layout_loops_corners, dk_yredelemnul_ordeal,
          ebering_ecumenical_altar_petrified, serial_rivers,
          chequers_serial_rivers_large_a, chequers_serial_rivers_micro_d,
          chequers_serial_rivers_micro_c, chequers_serial_rivers_room_a

Skill      XL: |  1  2  3  4 |
---------------+-------------+-----
Fighting       | 2 |  2.0
Dodging        | |  2.0
Unarmed Combat | |  3.5
Shapeshifting  | |  3.8

Action                     |  1- 3 |  4- 6 || total
---------------------------+-------+-------++-------
  Melee: Unarmed           |    65 |    17 ||    82
         Constrict         |    19 |     2 ||    21
         Tentacles         |     8 |       ||     8
         Punch             |     2 |     1 ||     3
    Use: Scroll            |     5 |       ||     5
   Stab: Sleeping          |     6 |       ||     6
 Armour: Skin              |    22 |    14 ||    36
  Dodge: Dodged            |    30 |     7 ||    37

Table legend: (Time is in decaauts)
 A = Elapsed time spent in this place.
 B = Non-inter-level travel time spent in this place.
 C = Inter-level travel time spent in this place.
 D = Time resting spent in this place.
 E = Time spent auto-exploring this place.
 F = Levels seen in this place.
 G = Mean time per level.
                   A        B        C        D        E       F      G
               +--------+--------+--------+--------+--------+-----+--------+
         Total |   1632 |   1566 |     66 |      0 |   1285 |   3 |  544.0 |
       Dungeon |   1632 |   1566 |     66 |      0 |   1285 |   3 |  544.0 |
               +--------+--------+--------+--------+--------+-----+--------+

Top non-repeatable levels by time:
     D:2: 877 daAuts
     D:1: 747 daAuts
     D:3: 7 daAuts
